 Dungeon Crawl Stone Soup version 0.31.0-11-ge490571c62 (webtiles) character file.

Game seed: 17053296275362439360

126 qw the Shooter (level 4, -1/23 HPs)
             Began as a Spriggan Hunter on Feb 5, 2024.
             Slain by a goblin
             ... wielding a +0 dagger
             ... led by Robin
              (2 damage)
             ... on level 3 of the Dungeon.
             The game lasted 00:00:34 (1851 turns).

qw the Shooter (Spriggan Hunter)                    Turns: 1851, Time: 00:00:35

Health: -1/23      AC:  4    Str:  7    XL:     4   Next: 84%
Magic:  5/5        EV: 20    Int: 10    God:
Gold:   108        SH:  0    Dex: 20    Spells: 3/3 levels left

rFire   . . .        a - +0 shortbow
rCold   . . .        (shield currently unavailable)
rNeg    . . .        b - +2 robe
rPois   .            (helmet restricted)
rElec   .            (no cloak)
rCorr   .            (gloves unavailable)
SInv    +            (boots unavailable)
Will    .....        (no amulet)
Stlth   ++           (no ring)
HPRegen 0.23/turn    (no ring)
MPRegen 0.09/turn

%: no passive effects
@: lethally poisoned (-1 -> -7), very quick
A: very small, no large weapons, unfitting armour, see invisible, speed 3
a: no special abilities


You were on level 3 of the Dungeon.
You visited 1 branch of the dungeon, and saw 3 of its levels.

You collected 108 gold pieces.


Innate Abilities, Weirdness & Mutations

You are very small and have problems with some larger weapons.
You are too small for most types of armour.
You have supernaturally acute eyesight. (SInv)
You cover ground extremely quickly. (Speed+++)


   Skills:
 - Level 2.0 Fighting
 + Level 5.1 Ranged Weapons
 - Level 5.0 Dodging
 - Level 1.5 Stealth


You had 3 spell levels left.
You didn't know any spells.
Your spell library was empty.

Inventory:

Hand Weapons
 a - a +0 shortbow (weapon)
Armour
 b - a +2 robe (worn)
Jewellery
 c - a ring of resist corrosion
Wands
 h - a wand of paralysis (5)
Scrolls
 e - 2 scrolls of teleportation
 f - 5 scrolls of identify
Potions
 d - a potion of curing
 g - a potion of resistance
 i - a potion of haste
 j - a potion of enlightenment {unknown}
 k - a potion of magic {unknown}
 l - a potion of heal wounds {unknown}

Dungeon Overview and Level Annotations

Branches:
Dungeon (3/15)

Altars:

Annotations:
D:3 Robin


Message History

Robin roars a battlecry!
The goblins go into a battle-frenzy!
You shoot an arrow. The arrow hits the goblin!
You kill the goblin!
A hobgoblin comes into view. x2
A goblin comes into view. It is wielding a +2 dagger of venom.
You shoot an arrow. The arrow closely misses the goblin.
The arrow hits the goblin.
The goblin is heavily wounded.
You shoot an arrow. The arrow hits the goblin.
You kill the goblin!
Robin throws the goblin at you! The goblin closely misses you.
You shoot an arrow. The arrow hits the goblin.
The goblin is moderately wounded.
The goblin misses you.
You shoot an arrow. The arrow hits the goblin.
The goblin is severely wounded.
The goblin hits you with a +0 dagger. The hobgoblin hits you.
You shoot an arrow. The arrow hits the goblin.
You kill the goblin!
The hobgoblin misses you. Robin throws the goblin at you!
The goblin misses you. The hobgoblin hits you.
Your Fighting skill increases to level 2!
You shoot an arrow. The arrow barely misses the goblin.
The hobgoblin completely misses you. x2
The goblin hits you with a +2 dagger of venom.
You are lethally poisoned!
You shoot an arrow. The arrow hits the goblin.
You kill the goblin!
You feel very sick. The hobgoblin misses you. Robin throws the goblin at you!
The goblin closely misses you. The hobgoblin completely misses you.
The hobgoblin misses you. The goblin closely misses you.
The hobgoblin misses you.
Robin's horned helmet rattles.
Robin throws the goblin at you!
You shoot an arrow. The arrow closely misses the goblin.
You feel sick. The hobgoblin hits you. The hobgoblin misses you.
The goblin hits you with a +0 dagger.
You die...

#####.##......
###'##......
#######...........
#.....#..)........
#.....#.....###...
... #.....#.....#
#... ....
#.....#.....# #...
...gg##)....#.....#
####
....g'g@g...#.....#
.)..g##gg...#.....#
#### #.....#.....#
####.####.########
#.# #.##...... #.#
#.##.##### #.#
#.##.....#
#.####%######.#
#......# #.#


You could see Robin, 4 hobgoblins and 3 goblins.

Vanquished Creatures
  Jessica (D:2)
  Terence (D:2)
  2 adders (D:2)
  A dart slug (D:3)
  6 endoplasms
  A giant cockroach (D:2)
  10 hobgoblins
  2 kobolds
  A quokka (D:1)
  7 ball pythons
  3 bats
  3 frilled lizards
  9 goblins
  4 rats
51 creatures vanquished.

Notes
Turn   | Place    | Note
-------+----------+-------------------------------------------
     0 | D:1      | qw the Spriggan Hunter began the quest for the Orb.
     0 | D:1      | Reached XP level 1. HP: 10/10 MP: 2/2
     0 | D:1      | 0 ||| qw: Version: 0.3-a-160-g6735b56
     0 | D:1      | 0 ||| qw: Game counter: 6558
     0 | D:1      | 0 ||| qw: Melee chars always use a shield: true
     0 | D:1      | 0 ||| qw: God list: Okawaru
     0 | D:1      | 0 ||| qw: Allow faded altars: false
     0 | D:1      | 0 ||| qw: Do Orc after clearing Dungeon:15 true
     0 | D:1      | 0 ||| qw: Do second Lair branch before Depths: true
     0 | D:1      | 0 ||| qw: Lair rune preference: random
     0 | D:1      | 0 ||| qw: Goals: Normal
     0 | D:1      | 0 ||| PLANNING D:1-11
    99 | D:1      | Reached skill level 3 in Dodging
   333 | D:1      | Reached XP level 2. HP: 14/14 MP: 3/3
  1031 | D:1      | 1031 ||| READING 2 scrolls labelled SOPSANT LUECOWA.
  1034 | D:1      | 1034 ||| READING 4 scrolls labelled GUWNUL NEGEL.
  1034 | D:1      | 1034 ||| IDENTIFYING amethyst potion
  1035 | D:1      | 1035 ||| DROPPING scroll of butterflies.
  1055 | D:2      | Noticed Jessica
  1060 | D:2      | Killed Jessica
  1061 | D:2      | Reached XP level 3. HP: 18/18 MP: 4/4
  1175 | D:2      | Reached XP level 4. HP: 22/22 MP: 5/5
  1202 | D:2      | Noticed Terence
  1224 | D:2      | Killed Terence
  1467 | D:2      | 1467 ||| UPGRADING to +2 robe.
  1477 | D:2      | 1477 ||| DROPPING +0 robe.
  1478 | D:2      | 1478 ||| READING 4 scrolls of identify.
  1478 | D:2      | 1478 ||| IDENTIFYING orange potion
  1479 | D:2      | 1479 ||| READING 3 scrolls of identify.
  1479 | D:2      | 1479 ||| IDENTIFYING murky green potion
  1480 | D:2      | 1480 ||| READING 2 scrolls of identify.
  1480 | D:2      | 1480 ||| IDENTIFYING scroll labelled SUUT AFAUTYKKU
  1481 | D:2      | 1481 ||| DROPPING scroll of fear.
  1840 | D:3      | Noticed Robin
  1851 | D:3      | HP: 4/23 [poisoned by a goblin]
  1851 | D:3      | HP: 1/23 [hobgoblin (3)]
  1851 | D:3      | Slain by a goblin

Levels and vault maps discovered:
D:1:      dpeg_arrival_houses_and_road, layout_basic, serial_bayou_pond_b,
          grunt_decor_one_mirror, grunt_decor_mini_mirrors
D:2:      layout_basic, uniq_terence, uniq_jessica
D:3:      layout_basic, uniq_robin, uniq_natasha

Skill      XL: |  1  2  3  4 |
---------------+-------------+-----
Dodging        | 3 4 5 |  5.0
Ranged Weapons | 5 |  5.1
Fighting       | 2 |  2.0
Stealth        | |  1.5

Action                     |  1- 3 |  4- 6 || total
---------------------------+-------+-------++-------
   Fire: Shortbow          |    89 |    51 ||   140
    Use: Scroll            |     2 |     3 ||     5
 Armour: Robe              |     6 |    12 ||    18
  Dodge: Dodged            |    18 |    30 ||    48

Table legend:
 A = Non-vault XP
 B = Vault XP
 C = Vault XP percentage of total XP
 D = Non-vault monster count
 E = Vault monster count
 F = Vault count percentage of total count
                 A         B        C        D         E       F
            +---------+---------+-------+---------+---------+-------
      Total |      91 |      90 |  49.7 |      40 |      11 |  21.6
            +---------+---------+-------+---------+---------+-------
        D:1 |      26 |       5 |  16.1 |      17 |       3 |  15.0
        D:2 |      49 |      73 |  59.8 |      14 |       2 |  12.5
        D:3 |      16 |      12 |  42.9 |       9 |       6 |  40.0
            +---------+---------+-------+---------+---------+-------
